 Dungeon Crawl Stone Soup version 0.31-a0-1-g4198be8af4 (webtiles) character file.

Game seed: 1262333232456330257

118 SkeletonJelly the Chopper (level 4, -3/35 HPs)
             Began as a Demonspawn Chaos Knight on May 1, 2023.
             Was a Plaything of Xom.
             Slain by a gnoll
             ... wielding a +0 flail
              (10 damage)
             ... on level 3 of the Dungeon.
             The game lasted 00:02:38 (2339 turns).

SkeletonJelly the Chopper (Demonspawn Chaos Knight) Turns: 2339, Time: 00:02:39

Health: -3/35      AC:  6    Str: 15    XL:     4   Next: 72%
Magic:  4/4        EV: 11    Int: 19    God:    Xom [..*...]
Gold:   49         SH:  0    Dex: 12    Spells: 3/3 levels left

rFire   . . .        a - +0 hand axe (chaos)
rCold   . . .        (no shield)
rNeg    . . .        b - +2 leather armour
rPois   +            d - +1 hat
rElec   .            (no cloak)
rCorr   .            (no gloves)
SInv    .            (no boots)
Will    .....        (no amulet)
Stlth   +            i - ring of poison resistance
HPRegen 0.25/turn    k - +6 ring of intelligence
MPRegen 0.18/turn

%: no passive effects
@: no status effects
A: magic regeneration, demonic touch 1
a: Renounce Religion


You were on level 3 of the Dungeon.
You worshipped Xom.
You were a toy of Xom.
You visited 1 branch of the dungeon, and saw 3 of its levels.

You collected 49 gold pieces.

Inventory:

Hand Weapons
 a - a +0 hand axe of chaos (weapon)
Armour
 b - a +2 leather armour (worn)
 d - a +1 hat (worn)
 s - a +0 plate armour
 t - a +0 kite shield
Jewellery
 i - a ring of poison resistance (left hand)
 k - a +6 ring of intelligence (right hand)
Scrolls
 e - 2 scrolls of magic mapping {unknown}
 f - 8 scrolls of identify {unknown}
 g - 2 scrolls of torment {unknown}
 h - a scroll of vulnerability {unknown}
 n - 2 scrolls of immolation {unknown}
 o - a scroll of silence {unknown}
 r - 2 scrolls of teleportation {unknown}
 v - a scroll of blinking {unknown}
Potions
 j - 3 potions of degeneration {unknown}
 l - 2 potions of curing {unknown}
 m - a potion of magic {unknown}
 p - a potion of invisibility {unknown}
 q - a potion of heal wounds {unknown}
 u - a potion of brilliance {unknown}
Miscellaneous
 c - a piece from Xom's chessboard (15/15) (quivered)


   Skills:
 - Level 3.0 Fighting
 + Level 5.0 Axes
 - Level 1.7 Armour
 - Level 0.8 Dodging


You had 3 spell levels left.
You didn't know any spells.
Your spell library contained the following spells:

 Spells                   Type           Power      Damage    Failure   Level
 Blink                    Tloc           0%         N/A       36%         2
 Lesser Beckoning         Tloc           0%         N/A       36%         2
 Momentum Strike          Conj/Tloc      0%         3d8       36%         2


Dungeon Overview and Level Annotations

Branches:
Dungeon (3/15)

Altars:
Ashenzari


Innate Abilities, Weirdness & Mutations

You regenerate magic rapidly.
Your touch may inflict minor irresistible damage on your foes.


Message History

You kill the bat!
No target in view!
No target in view!
No target in view!
No target in view!
No target in view!
No target in view!
An orc comes into view. It is wielding a +0 mace.
The orc shouts!
Health restored: 35 An orc is nearby!
An orc is nearby!
An orc is nearby!
An orc is nearby!
A gnoll comes into view. It is wielding a +0 spear.
A gnoll comes into view. It is wielding a +0 flail.
A gnoll comes into view. It is wielding a +0 halberd.
The gnoll moves out of view.
The gnoll shouts!
You hear a shout! x2
A gnoll comes into view. It is wielding a +0 spear.
You barely miss the orc. Your touch misses the orc.
The orc completely misses you.
You slash the orc!
You kill the orc!
The gnoll hits you with a +0 flail! The gnoll barely misses you.
Things that are here:
a +0 mace; an orc corpse You take 7 damage, and have 28/35 hp.
You barely miss the gnoll. The gnoll hits you with a +0 flail!
The gnoll hits you from afar with a +0 halberd.
You take 10 damage, and have 18/35 hp.
MASSIVE DAMAGE!!
You barely miss the gnoll. Your touch misses the gnoll.
The gnoll hits you with a +0 flail!
* * * LOW HITPOINT WARNING * * *
The gnoll closely misses you.
You are too injured to fight recklessly!
You are too injured to fight recklessly!
You take 12 damage, and have 6/35 hp.
MASSIVE DAMAGE!!
You are too injured to fight recklessly!
You are too injured to fight recklessly!
You are too injured to fight recklessly!
You are too injured to fight recklessly!
You are too injured to fight recklessly!
You are too injured to fight recklessly!
You are too injured to fight recklessly!
You are too injured to fight recklessly!
You are too injured to fight recklessly!
You are too injured to fight recklessly!
You are too injured to fight recklessly!
You are too injured to fight recklessly!
You are too injured to fight recklessly!
You are too injured to fight recklessly!
You are too injured to fight recklessly!
You are too injured to fight recklessly!
You are too injured to fight recklessly!
You are too injured to fight recklessly!
You are too injured to fight recklessly!
You are too injured to fight recklessly!
You are too injured to fight recklessly!
You are too injured to fight recklessly!
You are too injured to fight recklessly!
You are too injured to fight recklessly!
You are too injured to fight recklessly!
You are too injured to fight recklessly!
You are too injured to fight recklessly!
You are too injured to fight recklessly!
You are too injured to fight recklessly!
You are too injured to fight recklessly!
You are too injured to fight recklessly!
You are too injured to fight recklessly!
You are too injured to fight recklessly!
You are too injured to fight recklessly!
You are too injured to fight recklessly!
You are too injured to fight recklessly!
You are too injured to fight recklessly!
You are too injured to fight recklessly!
You are too injured to fight recklessly!
You are too injured to fight recklessly!
You are too injured to fight recklessly!
You are too injured to fight recklessly!
You are too injured to fight recklessly!
You are too injured to fight recklessly!
You are too injured to fight recklessly!
You are too injured to fight recklessly!
You are too injured to fight recklessly!
You are too injured to fight recklessly!
You are too injured to fight recklessly!
You are too injured to fight recklessly!
You are too injured to fight recklessly!
You are too injured to fight recklessly!
You are too injured to fight recklessly!
You are too injured to fight recklessly!
You are too injured to fight recklessly!
You are too injured to fight recklessly!
You are too injured to fight recklessly!
You are too injured to fight recklessly!
You are too injured to fight recklessly!
The gnoll attacks as you move away! The gnoll hits you with a +0 flail!
You die...
Xom chuckles heartily!

~≈~P~~~P♣~♣#
≈≈≈≈≈~≈≈P~♣~~~~♣
≈≈≈≈~≈≈≈≈~~P~P~♣♣ #
≈≈≈≈≈≈≈≈≈~~~~~~~♣♣.#
≈≈≈≈≈≈≈≈≈~P~~~~~~♣.#
≈≈≈≈≈≈≈≈≈≈~~~~~~~♣.#
≈≈≈≈≈≈≈≈≈♣~~♣~P♣~..#
~~≈≈≈≈≈P~P~~~~♣♣..##
~~~≈≈~P~~♣~~♣♣##@##
~~~~~~~~♣~~♣~# #g#
~~♣P♣~~♣~~♣### #g#
~♣~♣P~♣#### #g#
......# .g# .♣♣♣♣♣#
..# ♣♣ ...# ♣ ...#
....#


You could see 4 gnolls.

Vanquished Creatures
  An orc wizard (D:3)
  2 adders
  2 dart slugs
  5 orcs (D:3)
  7 ball pythons
  3 bats
  3 endoplasms
  5 giant cockroaches
  6 goblins
  5 hobgoblins
  4 jackals (D:1)
  7 kobolds
  3 quokkas
  4 frilled lizards
  5 rats
62 creatures vanquished.

Vanquished Creatures (others)
  14 plants (D:3)
14 creatures vanquished.

Grand Total: 76 creatures vanquished

Notes
Turn   | Place    | Note
-------+----------+-------------------------------------------
     0 | D:1      | SkeletonJelly the Demonspawn Chaos Knight began the quest
                  | for the Orb.
     0 | D:1      | Reached XP level 1. HP: 18/18 MP: 1/1
    73 | D:1      | Reached skill level 3 in Axes
   157 | D:1      | Gained mutation: Your touch may inflict minor irresistible
                  | damage on your foes. [demonic ancestry]
   157 | D:1      | Reached XP level 2. HP: 24/24 MP: 2/2
   207 | D:1      | XOM: divination: detect items
   241 | D:1      | XOM: silly message
   529 | D:1      | XOM: cloud trail
   712 | D:1      | Gained mutation: You regenerate magic rapidly. [demonic
                  | ancestry]
   712 | D:1      | Reached XP level 3. HP: 29/29 MP: 3/3
   745 | D:1      | XOM: silly message
  1092 | D:2      | Reached skill level 4 in Axes
  1163 | D:2      | XOM: divination: magic mapping
  1600 | D:2      | Found a broken altar of Ashenzari.
  1701 | D:2      | XOM: god gift: scroll labelled SYPTUU XOLOMO {god gift}
  1907 | D:3      | Reached XP level 4. HP: 35/35 MP: 4/4
  2001 | D:3      | Reached skill level 5 in Axes
  2339 | D:3      | Slain by a gnoll

Illustrated notes

Levels and vault maps discovered:
D:1:      dpeg_arrival_rooms_a, layout_loops_corners, corner_web_ring,
          chequers_avenue, minmay_pentomino_p4
D:2:      layout_loops_ring, basic_altar, serial_rivers,
          chequers_serial_rivers_small_a, chequers_serial_rivers_large_a,
          chequers_serial_rivers_marsh, chequers_serial_rivers_room_a
D:3:      layout_rooms, serial_bayou, serial_bayou_pond_b, serial_bayou_pond_e,
          serial_bayou_ford_a, serial_bayou_pond_d, minmay_misc_feat_columns,
          serial_bayou_lake_a

Skill      XL: |  1  2  3  4 |
---------------+-------------+-----
Axes           | 3 4 5 |  5.0
Fighting       | |  3.0
Armour         | |  1.7
Dodging        | |  0.8

Action                     |  1- 3 |  4- 6 || total
---------------------------+-------+-------++-------
  Melee: Hand axe          |   123 |    48 ||   171
         Touch             |    16 |     5 ||    21
 Armour: Leather armour    |    50 |    14 ||    64
  Dodge: Dodged            |    73 |    15 ||    88

Table legend: (Time is in decaauts)
 A = Elapsed time spent in this place.
 B = Non-inter-level travel time spent in this place.
 C = Inter-level travel time spent in this place.
 D = Time resting spent in this place.
 E = Time spent auto-exploring this place.
 F = Levels seen in this place.
 G = Mean time per level.
                   A        B        C        D        E       F      G
               +--------+--------+--------+--------+--------+-----+--------+
         Total |   2378 |   2274 |    104 |      0 |   1852 |   3 |  792.7 |
       Dungeon |   2378 |   2274 |    104 |      0 |   1852 |   3 |  792.7 |
               +--------+--------+--------+--------+--------+-----+--------+

Top non-repeatable levels by time:
     D:1: 1048 daAuts
     D:2: 828 daAuts
     D:3: 501 daAuts
